[ PARTIDA AOE2 · #495912423 ]
UnrankedCumanos vs Turks
Equipo del jugador · DERR
Equipo rival · VICT
[ ANÁLISIS DE REPETICIÓN · EXTRAÍDO DE LA PARTIDA GRABADA ]
Feudal
10:56
Castillos
20:23
Imperial
38:51
| APM promedio | 40.5 |
| APM pico | 107 |
| eAPM promedio | 25.9 |
| Aldeanos / militares | 226 / 599 |
Foco
⚔️ 49.8% · 🌾 50.2%
Scout Cavalry ×372 · Camel Scout ×58 · Skirmisher ×50 · Steppe Lancer ×50 · Fishing Ship ×41 · Kipchak ×29
Feudal
11:00
Castillos
17:27
Imperial
35:28
| APM promedio | 29.4 |
| APM pico | 53 |
| eAPM promedio | 19.9 |
| Aldeanos / militares | 244 / 518 |
Foco
⚔️ 36.6% · 🌾 63.4%
Scout Cavalry ×311 · Janissary ×95 · Camel Scout ×83 · Fishing Ship ×10 · Trebuchet (Packed) ×9 · Bombard Cannon ×8
Mapa de la partida
Recursos iniciales + cada clic de construcción. Líneas = muros · curvas = relieve. ◆ oro · ⬟ piedra · ● bayas · ✦ reliquia · ◌ hueco del cierre
Tu base· ✓ Cerrada en 20:23 · 22t muro · sin puerta
Base de Killerqueen· ✓ Cerrada en 17:27 · 49t muro · 1 puerta(s)
Terreno inicial suavizado · ◌ = hueco del cierre detectado · pasá el cursor para detalles
Inputs por minuto
— Ie cuack - - Killerqueen
Build order — Ie cuack
Primeras 150 de 941 acciones detectadas
| 0:01 | Crear | Villager (Male) ×4 |
| 0:04 | Construir | House |
| 0:05 | Construir | House |
| 1:26 | Crear | Villager (Male) |
| 2:14 | Construir | Lumber Camp |
| 2:15 | Crear | Villager (Male) |
| 2:45 | Crear | Villager (Male) |
| 3:13 | Crear | Villager (Male) |
| 3:13 | Crear | Villager (Male) |
| 3:32 | Crear | Villager (Male) |
| 3:43 | Construir | House |
| 4:07 | Crear | Villager (Male) |
| 4:07 | Crear | Villager (Male) |
| 4:32 | Crear | Villager (Male) |
| 4:44 | Construir | Dock |
| 4:59 | Crear | Villager (Male) |
| 4:59 | Crear | Villager (Male) |
| 5:23 | Crear | Villager (Male) |
| 5:24 | Crear | Villager (Male) |
| 5:53 | Crear | Villager (Male) |
| 6:07 | Construir | House |
| 6:08 | Crear | Fishing Ship |
| 6:09 | Crear | Fishing Ship |
| 6:21 | Crear | Villager (Male) |
| 6:21 | Crear | Villager (Male) |
| 6:35 | Crear | Villager (Male) |
| 6:46 | Construir | Palisade Wall |
| 7:14 | Crear | Fishing Ship |
| 7:15 | Crear | Villager (Male) |
| 7:40 | Crear | Villager (Male) |
| 8:08 | Investigar | Loom |
| 8:13 | Construir | Mining Camp |
| 8:35 | Crear | Villager (Male) |
| 8:46 | Investigar | Feudal Age |
| 9:27 | Crear | Fishing Ship |
| 9:33 | Construir | House |
| 9:34 | Construir | House |
| 9:39 | Construir | Lumber Camp |
| 10:09 | Construir | Dock |
| 10:18 | Crear | Fishing Ship |
| 10:47 | Crear | Villager (Male) |
| 10:56 | Edad | Edad Feudal |
| 11:08 | Crear | Villager (Male) |
| 11:10 | Construir | House |
| 11:12 | Investigar | Double-Bit Axe |
| 11:19 | Crear | Fishing Ship |
| 11:19 | Crear | Fishing Ship |
| 11:47 | Crear | Galley ×3 |
| 11:53 | Crear | Villager (Male) |
| 11:53 | Crear | Villager (Male) |
| 11:54 | Crear | Villager (Male) |
| 11:59 | Crear | Galley |
| 12:07 | Crear | Villager (Male) |
| 12:14 | Crear | Villager (Male) |
| 12:24 | Crear | Villager (Male) |
| 12:38 | Crear | Villager (Male) |
| 12:44 | Crear | Villager (Male) |
| 12:51 | Construir | House |
| 12:54 | Construir | House |
| 12:57 | Crear | Villager (Male) |
| 13:20 | Crear | Villager (Male) |
| 13:24 | Crear | Fishing Ship |
| 13:24 | Crear | Fishing Ship |
| 13:24 | Crear | Fishing Ship |
| 13:36 | Construir | Blacksmith |
| 13:38 | Construir | Palisade Wall |
| 13:42 | Crear | Villager (Male) |
| 13:48 | Crear | Villager (Male) |
| 13:57 | Construir | Dock |
| 14:03 | Crear | Villager (Male) |
| 14:05 | Construir | House |
| 14:10 | Crear | Villager (Male) |
| 14:22 | Construir | Palisade Wall |
| 14:30 | Construir | Palisade Wall |
| 14:34 | Crear | Villager (Male) |
| 14:37 | Crear | Villager (Male) |
| 14:44 | Crear | Villager (Male) |
| 14:45 | Crear | Villager (Male) |
| 14:55 | Crear | Fishing Ship |
| 15:02 | Crear | Fishing Ship |
| 15:03 | Crear | Fishing Ship |
| 15:04 | Crear | Fishing Ship |
| 15:04 | Crear | Fishing Ship |
| 15:11 | Crear | Galley |
| 15:13 | Crear | Villager (Male) |
| 15:18 | Crear | Villager (Male) |
| 15:21 | Crear | Villager (Male) |
| 15:26 | Construir | House |
| 15:34 | Construir | Mill |
| 15:41 | Crear | Villager (Male) |
| 15:56 | Construir | Barracks |
| 16:03 | Crear | Villager (Male) |
| 16:13 | Crear | Villager (Male) |
| 16:14 | Crear | Villager (Male) |
| 16:19 | Crear | Fishing Ship |
| 16:19 | Crear | Fishing Ship |
| 16:19 | Crear | Fishing Ship |
| 16:43 | Construir | Stable |
| 17:16 | Construir | Stable |
| 17:25 | Investigar | Castle Age |
| 17:36 | Investigar | Fletching |
| 18:06 | Investigar | Scale Barding Armor |
| 18:06 | Investigar | Forging |
| 18:13 | Investigar | Bloodlines |
| 18:42 | Crear | Villager (Male) |
| 19:07 | Crear | Fishing Ship |
| 19:07 | Crear | Fishing Ship |
| 19:07 | Crear | Fishing Ship |
| 19:08 | Crear | Fishing Ship |
| 19:08 | Crear | Fishing Ship |
| 19:10 | Crear | Villager (Male) |
| 19:11 | Construir | House |
| 19:13 | Construir | House |
| 19:19 | Construir | House |
| 19:21 | Construir | House |
| 19:23 | Construir | House |
| 19:24 | Construir | House |
| 19:34 | Investigar | Wheelbarrow |
| 19:41 | Construir | House |
| 19:42 | Construir | House |
| 19:43 | Construir | House |
| 19:47 | Construir | House |
| 20:15 | Crear | Villager (Male) |
| 20:23 | Edad | Edad de los Castillos |
| 20:24 | Crear | Camel Scout |
| 20:25 | Crear | Camel Scout |
| 20:26 | Crear | Camel Scout |
| 20:28 | Crear | Villager (Male) |
| 20:39 | Construir | Palisade Gate |
| 20:52 | Crear | Villager (Male) |
| 20:59 | Crear | Villager (Male) |
| 21:04 | Crear | Villager (Male) |
| 21:08 | Investigar | Bow Saw |
| 21:13 | Construir | Town Center |
| 21:22 | Crear | Villager (Male) |
| 21:24 | Investigar | Bow Saw |
| 21:26 | Crear | Villager (Male) |
| 21:31 | Construir | House |
| 21:36 | Crear | Villager (Male) |
| 21:52 | Construir | Town Center |
| 21:52 | Crear | Villager (Male) |
| 21:55 | Crear | Steppe Lancer |
| 21:55 | Crear | Steppe Lancer |
| 21:55 | Crear | Steppe Lancer |
| 21:55 | Crear | Steppe Lancer |
| 21:56 | Crear | Steppe Lancer |
| 21:56 | Crear | Steppe Lancer |
| 21:56 | Crear | Steppe Lancer |
| 21:57 | Crear | Steppe Lancer |
| 22:02 | Crear | Villager (Male) |
Build order — Killerqueen
Primeras 150 de 794 acciones detectadas
| 0:02 | Crear | Villager (Male) ×4 |
| 0:03 | Construir | House |
| 0:05 | Construir | House |
| 1:34 | Crear | Villager (Male) |
| 1:54 | Construir | Lumber Camp |
| 1:58 | Crear | Villager (Male) |
| 1:58 | Crear | Villager (Male) |
| 3:00 | Crear | Villager (Male) |
| 3:04 | Crear | Villager (Male) |
| 3:34 | Crear | Villager (Male) |
| 3:37 | Crear | Villager (Male) |
| 3:46 | Construir | House |
| 4:26 | Construir | Dock |
| 4:31 | Crear | Villager (Male) |
| 4:31 | Crear | Villager (Male) |
| 5:04 | Crear | Fishing Ship |
| 5:06 | Crear | Villager (Male) |
| 5:18 | Construir | House |
| 5:44 | Crear | Villager (Male) |
| 5:48 | Crear | Fishing Ship |
| 5:56 | Crear | Villager (Male) |
| 6:03 | Crear | Villager (Male) |
| 6:20 | Crear | Villager (Male) |
| 6:21 | Crear | Villager (Male) |
| 6:31 | Construir | Palisade Wall |
| 6:45 | Construir | House |
| 7:08 | Crear | Villager (Male) |
| 7:13 | Crear | Fishing Ship |
| 7:25 | Crear | Villager (Male) |
| 7:56 | Crear | Fishing Ship |
| 8:02 | Investigar | Loom |
| 8:16 | Construir | Palisade Wall |
| 8:18 | Construir | Palisade Wall |
| 8:24 | Crear | Fishing Ship |
| 8:29 | Investigar | Feudal Age |
| 9:09 | Construir | Lumber Camp |
| 9:27 | Construir | Palisade Wall |
| 9:40 | Construir | Palisade Wall |
| 9:52 | Construir | House |
| 9:56 | Crear | Fishing Ship |
| 10:06 | Crear | Villager (Male) |
| 10:06 | Crear | Villager (Male) |
| 10:45 | Crear | Villager (Male) |
| 10:49 | Construir | Barracks |
| 11:00 | Edad | Edad Feudal |
| 11:04 | Crear | Villager (Male) |
| 11:06 | Investigar | Double-Bit Axe |
| 11:34 | Crear | Villager (Male) |
| 11:36 | Construir | House |
| 11:45 | Construir | Stable |
| 11:51 | Construir | Palisade Gate |
| 12:02 | Construir | Mill |
| 12:17 | Construir | Palisade Wall |
| 12:30 | Construir | Mining Camp |
| 12:53 | Investigar | Horse Collar |
| 12:59 | Crear | Villager (Male) |
| 13:08 | Construir | Farm |
| 13:10 | Construir | Farm |
| 13:16 | Crear | Villager (Male) |
| 13:18 | Crear | Scout Cavalry |
| 13:33 | Crear | Villager (Male) |
| 13:35 | Crear | Demolition Raft |
| 13:35 | Crear | Demolition Raft |
| 13:39 | Crear | Fishing Ship |
| 13:39 | Crear | Fishing Ship |
| 13:56 | Construir | House |
| 14:03 | Construir | Blacksmith |
| 14:04 | Crear | Villager (Male) |
| 14:32 | Construir | Farm |
| 14:33 | Construir | Farm |
| 14:34 | Construir | Farm |
| 14:36 | Construir | Farm |
| 14:39 | Investigar | Castle Age |
| 14:52 | Construir | Mining Camp |
| 15:24 | Investigar | Tech 906 |
| 15:30 | Investigar | Stone Mining |
| 15:41 | Construir | House |
| 16:26 | Crear | Villager (Male) |
| 16:31 | Construir | Market |
| 17:09 | Crear | Villager (Male) |
| 17:09 | Crear | Villager (Male) |
| 17:27 | Edad | Edad de los Castillos |
| 17:45 | Crear | Villager (Male) |
| 17:58 | Construir | Siege Workshop |
| 18:07 | Crear | Villager (Male) |
| 18:22 | Construir | Castle |
| 18:25 | Crear | Villager (Male) |
| 18:42 | Crear | Fishing Ship |
| 18:43 | Crear | Fishing Ship |
| 18:46 | Crear | Villager (Male) |
| 18:48 | Crear | Battering Ram |
| 18:48 | Crear | Battering Ram |
| 19:25 | Crear | Battering Ram |
| 19:30 | Crear | Janissary ×5 |
| 19:30 | Crear | Janissary ×5 |
| 19:38 | Investigar | Padded Archer Armor |
| 19:39 | Crear | Villager (Male) |
| 19:39 | Crear | Villager (Male) |
| 19:50 | Investigar | Bow Saw |
| 19:56 | Investigar | Gold Mining |
| 20:07 | Crear | Villager (Male) |
| 20:26 | Crear | Villager (Male) |
| 20:39 | Crear | Battering Ram |
| 20:49 | Crear | Villager (Male) |
| 20:56 | Crear | Villager (Male) |
| 21:03 | Construir | Town Center |
| 21:08 | Crear | Villager (Male) |
| 21:17 | Crear | Villager (Male) |
| 21:20 | Crear | Villager (Male) |
| 21:36 | Crear | Battering Ram |
| 21:39 | Crear | Villager (Male) |
| 21:39 | Crear | Villager (Male) |
| 21:48 | Crear | Janissary |
| 21:50 | Crear | Villager (Male) |
| 22:00 | Construir | Town Center |
| 22:02 | Crear | Villager (Male) |
| 22:03 | Crear | Villager (Male) |
| 22:25 | Crear | Villager (Male) |
| 22:26 | Crear | Villager (Male) |
| 22:54 | Crear | Villager (Male) |
| 22:55 | Crear | Villager (Male) |
| 23:02 | Crear | Janissary |
| 23:02 | Crear | Janissary |
| 23:07 | Crear | Janissary |
| 23:32 | Crear | Villager (Male) |
| 23:33 | Crear | Villager (Male) |
| 23:34 | Crear | Janissary |
| 23:34 | Crear | Janissary |
| 23:35 | Crear | Villager (Male) |
| 23:36 | Crear | Villager (Male) |
| 23:36 | Crear | Villager (Male) |
| 23:39 | Crear | Villager (Male) |
| 23:43 | Construir | Farm |
| 23:44 | Construir | Farm |
| 23:45 | Construir | Farm |
| 23:46 | Construir | Farm |
| 23:47 | Construir | Farm |
| 23:48 | Construir | Farm |
| 23:53 | Crear | Villager (Male) |
| 24:15 | Crear | Villager (Male) |
| 24:18 | Crear | Villager (Male) |
| 24:18 | Crear | Villager (Male) |
| 24:21 | Crear | Villager (Male) |
| 24:27 | Construir | House |
| 24:28 | Construir | House |
| 24:35 | Construir | Monastery |
| 24:38 | Crear | Villager (Male) |
| 24:51 | Crear | Janissary |
| 24:51 | Crear | Janissary |
| 25:19 | Crear | Janissary |
Cronología de la partida
| 4:26 | Killerqueen · first_building Dock |
| 4:44 | Ie cuack · first_building Dock |
| 6:31 | Killerqueen · wall_segment Palisade Wall x13 |
| 6:46 | Ie cuack · wall_segment Palisade Wall x7 |
| 8:16 | Killerqueen · wall_segment Palisade Wall x6 |
| 8:18 | Killerqueen · wall_segment Palisade Wall x3 |
| 9:27 | Killerqueen · wall_segment Palisade Wall x13 |
| 9:40 | Killerqueen · wall_segment Palisade Wall x7 |
| 10:49 | Killerqueen · first_building Barracks |
| 10:56 | Ie cuack · age_up feudal |
| 11:00 | Killerqueen · age_up feudal |
| 11:45 | Killerqueen · first_building Stable |
| 12:17 | Killerqueen · wall_segment Palisade Wall x7 |
| 13:38 | Ie cuack · wall_segment Palisade Wall x8 |
| 14:22 | Ie cuack · wall_segment Palisade Wall x4 |
| 14:30 | Ie cuack · wall_segment Palisade Wall x3 |
| 15:56 | Ie cuack · first_building Barracks |
| 16:43 | Ie cuack · first_building Stable |
| 17:27 | Killerqueen · age_up castle |
| 17:58 | Killerqueen · first_building Siege Workshop |
| 18:22 | Killerqueen · first_building Castle |
| 20:23 | Ie cuack · age_up castle |
| 24:14 | Ie cuack · first_building Siege Workshop |
| 24:35 | Killerqueen · first_building Monastery |
| 25:54 | Ie cuack · first_building Archery Range |
| 30:42 | Ie cuack · first_building Monastery |
| 30:57 | Ie cuack · first_market_buy 100 food |
| 35:10 | Ie cuack · first_building Castle |
| 35:28 | Killerqueen · age_up imperial |
| 36:58 | Killerqueen · first_market_buy 500 wood |
| 38:51 | Ie cuack · age_up imperial |
| 44:38 | Killerqueen · first_market_sell 100 food |
| 55:23 | Ie cuack · first_market_sell 100 food |
| 68:40 | Ie cuack · resign |
[ ANÁLISIS IA · 1 CRÉDITO ]
¿Qué pasó realmente en esta partida?
Wolo.gg analiza cada decisión: build order, eco, micro, errores típicos por bracket. Análisis personalizado por WhatsApp o Discord en 30 segundos.
Guía civ
Cumanos
Perfil
Ie cuack